 Dungeon Crawl Stone Soup version 0.29-a0-982-gaed3a0c8d8 (webtiles) character file.

Game seed: 7473551343152845069

6 MisterAzrael the Digger (level 1, -2/10 HPs)
             Began as a Deep Elf Earth Elementalist on Aug 2, 2022.
             Slain by a gnoll
             ... wielding a +0 spear
              (5 damage)
             ... on level 1 of the Dungeon.
             The game lasted 00:00:24 (240 turns).

MisterAzrael the Digger (DEEE)                       Turns: 240, Time: 00:00:25

Health: -2/10      AC:  2    Str:  5    XL:     1   Next: 75%
Magic:  3/6        EV: 12    Int: 19    God:
Gold:   31         SH:  0    Dex: 15    Spells: 5/6 levels left

rFire   . . .      SeeInvis .   g - +2 dagger (venom)
rCold   . . .      Faith    .   (no shield)
rNeg    . . .      Spirit   .   a - +0 robe
rPois   .          Reflect  .   (no helmet)
rElec   .          Harm     .   (no cloak)
rCorr   .          Rampage  .   (no gloves)
Will    .....                   (no boots)
Stlth   ++........              (no amulet)
HPRegen 0.03/turn               (no ring)
MPRegen 0.10/turn               (no ring)

@: no status effects
A: no striking features
a: no special abilities


You were on level 1 of the Dungeon.
You visited 1 branch of the dungeon, and saw 1 of its levels.

You collected 31 gold pieces.

Inventory:

Hand Weapons
 g - a +2 dagger of venom (weapon)
Armour
 a - a +0 robe (worn)
Magical Staves
 f - a staff of cold
Jewellery
 d - a +6 ring of dexterity
Scrolls
 e - a scroll of identify {unknown}
Potions
 b - a potion of magic
 c - a potion of attraction {unknown}


   Skills:
 + Level 2.5 Dodging
 + Level 2.6 Stealth
 + Level 3.1 Spellcasting
 + Level 1.3 Transmutations
 + Level 3.3 Earth Magic


You had 5 spell levels left.
You knew the following spells:

 Your Spells              Type           Power      Damage    Failure   Level
a - Sandblast             Erth           30%        2d9       3%          1

Your spell library contained the following spells:

 Spells                   Type           Power      Damage    Failure   Level
 Passwall                 Tmut/Erth      9%         N/A       9%          2
 Stone Arrow              Conj/Erth      18%        3d8       22%         3
 Petrify                  Tmut/Erth      11%        N/A       50%         4


Dungeon Overview and Level Annotations

Branches:
Dungeon (1/15)

Altars:


Message History

f - a staff of cold
Found a spear.
A ball python comes into view.
You can't see any susceptible monsters within range! (Use Z to cast anyway.)
The blast of sand hits the ball python!
You kill the ball python!
You see here a +0 spear.
A goblin comes into view. It is wielding a +2 dagger of venom.
A goblin is nearby!
You can't see any susceptible monsters within range! (Use Z to cast anyway.)
The goblin shouts!
The blast of sand hits the goblin!
You kill the goblin!
Things that are here:
a +2 dagger of venom; a goblin corpse
g - a +2 dagger of venom Your +2 dagger of venom begins to drip with poison!
g - a +2 dagger of venom (weapon)
A gnoll comes into view. It is wielding a +0 spear.
A gnoll is nearby!
The gnoll shouts!
The blast of sand hits the gnoll.
The gnoll is lightly wounded.
The gnoll barely misses you.
The blast of sand hits the gnoll.
The gnoll is moderately wounded.
The gnoll hits you from afar with a +0 spear. x2
* * * LOW HITPOINT WARNING * * *
You are too injured to fight recklessly!
A gnoll is nearby!
You are too injured to fight recklessly!
Aiming: Sandblast (safe; 3% risk of failure)
Press: ? - help, Q - select action Shift-Dir - straight line, f/p - gnoll
Aim: a gnoll, wielding a +0 spear (moderately wounded, 84% to hit)
The blast of sand hits the gnoll but does no damage.
The gnoll is moderately wounded.
The gnoll closely misses you.
The gnoll hits you from afar with a +0 spear.
Ouch! That really hurt!
You die...

#......##....#..>..###.#####
#......##....#.....# #.###
#......##....####### #...#
#..†...#################.#
#......# #..............#
#......# #.##############
#......# #.# ######## #.#
#@# #.# #g# #.# #.# #.# #.#
#.# #.#


You could see a gnoll.

Vanquished Creatures
  A ball python (D:1)
  A goblin (D:1)
  2 kobolds (D:1)
  A quokka (D:1)
5 creatures vanquished.

Notes
Turn   | Place    | Note
-------+----------+-------------------------------------------
     0 | D:1      | MisterAzrael the Deep Elf Earth Elementalist began the
                  | quest for the Orb.
     0 | D:1      | Reached XP level 1. HP: 10/10 MP: 6/6
   240 | D:1      | Slain by a gnoll

Illustrated notes

Levels and vault maps discovered:
D:1:      scummos_arrival_checkerplants, layout_basic,
          hellmonk_ecumenical_altar_pennies_from_heaven

Action                   || total
-------------------------++-------
 Cast: Sandblast         ||     9
Dodge: Dodged            ||     2

Table legend: (Time is in decaauts)
 A = Elapsed time spent in this place.
 B = Non-inter-level travel time spent in this place.
 C = Inter-level travel time spent in this place.
 D = Time resting spent in this place.
 E = Time spent auto-exploring this place.
 F = Levels seen in this place.
 G = Mean time per level.
                   A        B        C        D        E       F      G
               +--------+--------+--------+--------+--------+-----+--------+
         Total |    247 |    247 |      0 |      0 |    192 |   1 |  247.0 |
       Dungeon |    247 |    247 |      0 |      0 |    192 |   1 |  247.0 |
               +--------+--------+--------+--------+--------+-----+--------+

Top non-repeatable levels by time:
     D:1: 247 daAuts
